 Dungeon Crawl Stone Soup version 0.31.0-32-g396128a36d (webtiles) character file.

Game seed: 15954195870088819395

377 diecastcamel the Shooter (level 6, -4/46 HPs)
             Began as a Barachi Hunter on Apr 24, 2024.
             Slain by a mummy (13 damage)
             ... in an ossuary.
             The game lasted 00:15:31 (2808 turns).

diecastcamel the Shooter (Barachi Hunter)           Turns: 2808, Time: 00:15:32

Health: -4/46      AC:  7    Str: 12    XL:     6   Next: 73%
Magic:  6/6        EV: 11    Int: 10    God:
Gold:   115        SH:  0    Dex: 17    Spells: 5/5 levels left

rFire   . . .        a - +0 shortbow
rCold   . . .        (shield currently unavailable)
rNeg    . . .        d - +0 ring mail
rPois   .            (no helmet)
rElec   .            e - +0 cloak
rCorr   .            f - +0 pair of gloves
SInv    .            (no boots)
Will    .....        (no amulet)
Stlth   +            (no ring)
HPRegen 0.27/turn    (no ring)
MPRegen 0.10/turn

%: no passive effects
@: unable to hop, attractive, slow
A: amphibious, slowness 1, strong legs 1, +LOS
a: Hop


You were in an ossuary.
You visited 1 branch of the dungeon, and saw 4 of its levels.
You also visited: Ossuary.

You collected 115 gold pieces.

Inventory:

Hand Weapons
 a - a +0 shortbow (weapon)
Missiles
 m - a throwing net
Armour
 d - a +0 ring mail (worn)
 e - a +0 cloak (worn)
 f - a +0 pair of gloves (worn)
Scrolls
 g - a scroll of brand weapon
 h - a scroll of vulnerability
 j - a scroll of revelation
 k - 2 scrolls of teleportation
Potions
 i - a potion of enlightenment {unknown}
 l - a potion of brilliance {unknown}


   Skills:
 - Level 2.4 Fighting
 + Level 7.8 Ranged Weapons
 - Level 2.1 Dodging
 - Level 0.8 Stealth


You had 5 spell levels left.
You didn't know any spells.
Your spell library contained the following spells:

 Spells                   Type           Power      Damage    Failure   Level
 Apportation              Tloc           0%         N/A       65%         1
 Necrotise                Necr           0%         1d4       65%         1
 Sting                    Conj/Alch      0%         1d3       65%         1
 Summon Small Mammal      Summ           0%         N/A       65%         1


Dungeon Overview and Level Annotations

Branches:
Dungeon (4/15)            Ossuary (1/1)
 Temple: D:4-7

Altars:
Makhleb
Yredelemnul


Innate Abilities, Weirdness & Mutations

You are amphibious.
You cover ground slowly.
You can hop short distances.
You have an extended range of vision and can be seen from far away.


Message History

* * * LOW HITPOINT WARNING * * *
You feel extremely sick.
* * * LOW HITPOINT WARNING * * *
You feel very sick.
Unknown command.
It was a potion of attraction.
You feel attractive to monsters.
* * * LOW HITPOINT WARNING * * *
You feel very sick.
It was a potion of curing.
You feel better.
There is an open door here.
The gnoll zombie is attracted toward you.
There is an open door here.
The gnoll zombie is attracted toward you.
You shoot an arrow. The arrow hits the gnoll zombie!
The gnoll zombie is heavily damaged.
The gnoll zombie hits you but does no damage.
You shoot an arrow. The arrow hits the gnoll zombie.
The gnoll zombie is severely damaged.
The gnoll zombie hits you but does no damage.
The scorpion is attracted toward you.
As you read the scroll of teleportation, it crumbles to dust.
You feel strangely unstable. The gnoll zombie barely misses you.
The scorpion is attracted toward you. The scorpion attacks as it pursues you!
The scorpion stings you but does no damage.
The scorpion attacks as it pursues you! The scorpion closely misses you.
The gnoll zombie is attracted toward you.
Your surroundings suddenly seem different.
A mummy comes into view.
Found three items.
Unknown command.
You are too injured to fight recklessly!
You are too injured to fight recklessly!
You shoot an arrow.
The arrow hits the mummy but does no damage.
The mummy hits you.
* * * LOW HITPOINT WARNING * * *
You shoot an arrow. The arrow completely misses the mummy.
The mummy hits you!
You die...

...#...#.....#.....#
#####ยง###########+##
...#Z..# #...#
...8s..# +...#
.......# #...#
#8...8## #####
.......# #???#
...8...# #?M?#
...#...# #@.?#
######## ##+##


You could see a mummy.

Vanquished Creatures
  2 scorpions (Ossuary)
  Jessica (D:3)
  2 scorpion zombies (Ossuary)
  Terence (D:1)
  A mummy (D:4)
  4 gnolls
  5 adders
  3 dart slugs
  2 ribbon worms (D:2)
  7 endoplasms
  3 giant cockroaches (D:1)
  A goblin (D:1)
  3 hobgoblins
  6 quokkas
  4 ball pythons
  2 ball python zombies (Ossuary)
  4 bats
  4 frilled lizards
  A jackal zombie (Ossuary)
  2 kobolds
  3 orc zombies (Ossuary)
  3 rats
64 creatures vanquished.

Notes
Turn   | Place    | Note
-------+----------+-------------------------------------------
     0 | D:1      | diecastcamel the Barachi Hunter began the quest for the
                  | Orb.
     0 | D:1      | Reached XP level 1. HP: 17/17 MP: 1/1
   102 | D:1      | Reached XP level 2. HP: 23/23 MP: 2/2
   636 | D:2      | Noticed Terence
   675 | D:1      | Reached skill level 5 in Ranged Weapons
   675 | D:1      | Reached XP level 3. HP: 11/28 MP: 3/3
   813 | D:1      | Killed Terence
   814 | D:1      | Reached XP level 4. HP: 10/34 MP: 4/4
  1331 | D:2      | Reached skill level 6 in Ranged Weapons
  1413 | D:2      | Reached XP level 5. HP: 39/39 MP: 5/5
  1420 | D:2      | Found a basalt altar of Yredelemnul.
  1657 | D:3      | Noticed Jessica
  1660 | D:3      | Killed Jessica
  2247 | D:3      | Found a burning altar of Makhleb.
  2247 | D:3      | Noticed a balrug
  2250 | D:3      | Noticed a smoke demon
  2250 | D:3      | Noticed an orange demon
  2385 | D:4      | Found a sand-covered staircase.
  2426 | Ossuary  | Entered an ossuary
  2446 | Ossuary  | Reached skill level 7 in Ranged Weapons
  2446 | Ossuary  | Reached XP level 6. HP: 46/46 MP: 6/6
  2793 | Ossuary  | HP: 1/46 [poisoned by you (poison gas)]
  2808 | Ossuary  | Slain by a mummy

Illustrated notes

Levels and vault maps discovered:
D:1:      sevenhm_arrival_forest_fort_large_2, layout_rooms,
          palyth_stone_intersect, minivault_19
D:2:      layout_basic, basic_altar, st_stairs_9, uniq_terence
D:3:      layout_basic, makhleb_altar_promises_db, uniq_jessica
D:4:      minmay_chambers_of_fours, layout_gridville,
          nicolae_overflow_hidden_temple, mainiacjoe_overflow_chevrons,
          gup_ossuary_entry_pyramid, roderic_lattice_a,
          minmay_fractal_squares_gapless_5
Ossuary:  ossuary_minmay_scorpions

Skill      XL: |  1  2  3  4  5 |
---------------+----------------+-----
Ranged Weapons | 5 6 7 |  7.8
Fighting       | |  2.4
Dodging        | |  2.1
Stealth        | |  0.8

Action                     |  1- 3 |  4- 6 || total
---------------------------+-------+-------++-------
   Fire: Shortbow          |    81 |   223 ||   304
Ability: Hop               |     1 |     2 ||     3
    Use: Scroll            |     2 |     7 ||     9
         Potion            |       |     2 ||     2
 Armour: Leather armour    |     2 |       ||     2
         Ring mail         |    30 |    72 ||   102
  Dodge: Dodged            |    24 |    81 ||   105
